 Dungeon Sprint DCSS version 0.29-a0-1008-g949cc1d0fb (webtiles) character file.

Game seed: 9654334006861539742

203188 wilfster70 the Conqueror (level 17, 0/139 HPs)
             Began as a Gargoyle Fighter on Aug 7, 2022.
             Was an Initiate of Gozag.
             Slain by a frost giant
             ... wielding a +0 battleaxe of freezing
              (1 damage)
             ... in the Dungeon (Sprint IX: "|||||||||||||||||||||||||||||").
             The game lasted 00:22:29 (6858 turns).

wilfster70 the Conqueror (Gargoyle Fighter)         Turns: 6858, Time: 00:22:29

Health: 0/139      AC: 70    Str: 32    XL:     17   Next: 28%
Magic:  0/30       EV: 10    Int: 14    God:    Gozag
Gold:   7576       SH: 18    Dex:  5    Spells: 53/53 levels left

rFire   + + +      SeeInvis .   a - +9 morningstar (protect)
rCold   + + .      Faith    .   o - +2 kite shield {rC+}
rNeg    + . .      Spirit   +   v - +8 gold dragon scales "Gij Tuf" {rPois rF+ rC+ Will+ Regen+ MP-9 Slay+3}
rPois   ∞          Reflect  .   l - +1 helmet
rElec   +          Harm     .   m - +2 cloak
rCorr   .          Rampage  +   E - +2 pair of gloves
Will    +++..      NoTele   +   t - +2 pair of boots {rampage}
Stlth   ..........              n - amulet of guardian spirit
HPRegen 1.13/turn               b - ring of Xom's Whimsicality {rElec rF+ Int+3 Dex-4}
MPRegen 0.22/turn               x - ring "Iggutusie" {rElec rF+ Will+ Str+6}

@: gold aura, under a protective aura, flying, hasted (expiring), very quick
A: sickness immunity, AC +12, big wings, negative energy resistance 1,
electricity resistance, torment resistance 1, petrification resistance
}: 4/17 runes: decaying, serpentine, barnacled, gossamer
a: Renounce Religion, Potion Petition, Call Merchant, Bribe Branch


You were in the Dungeon.
You worshipped Gozag.
Gozag was greatly pleased with you.
You visited 1 branch You collected 27413 gold pieces.
You spent 4184 gold pieces at shops.
You paid 15653 gold pieces to Gozag.

Inventory:

Hand Weapons
 a - a +9 morningstar of protection (weapon)
Missiles
 s - 3 throwing nets (quivered)
 w - 4 curare-tipped darts
Armour
 l - a +1 helmet (worn)
 m - a +2 cloak (worn)
 o - a +2 kite shield of cold resistance (worn)
 t - a +2 pair of boots of rampaging (worn)
 v - the +8 gold dragon scales "Gij Tuf" (worn) {rPois rF+ rC+ Will+ Regen+ MP-9 Slay+3}
   (You found it in the Dungeon)

   Slay:      It affects your accuracy & damage with ranged weapons and melee
   (+3).
   rF:        It protects you from fire.
   rC:        It protects you from cold.
   rPois:     It protects you from poison.
   MP:        It affects your magic capacity (-9).
   Regen:     It increases your rate of health regeneration.
   Will:      It increases your willpower.
 E - a +2 pair of gloves (worn)
Jewellery
 b - the ring of Xom's Whimsicality (left hand) {rElec rF+ Int+3 Dex-4}
   (You bought it in a shop in the Dungeon)

   [ring of protection from fire]

   Int:       It affects your intelligence (+3).
   Dex:       It affects your dexterity (-4).
   rF:        It protects you from fire.
   rElec:     It insulates you from electricity.
 n - an amulet of guardian spirit (around neck)
 x - the ring "Iggutusie" (right hand) {rElec rF+ Will+ Str+6}
   (You bought it in a shop in the Dungeon)

   [ring of willpower]

   Str:       It affects your strength (+6).
   rF:        It protects you from fire.
   rElec:     It insulates you from electricity.
   Will:      It increases your willpower.
Wands
 k - a wand of quicksilver (8)
Scrolls
 i - 2 scrolls of amnesia
 j - 3 scrolls of blinking
 p - a scroll of summoning
 q - 2 scrolls of butterflies
 r - 2 scrolls of identify
 y - 5 scrolls of fear
 A - 3 scrolls of poison
 B - a scroll of silence
Potions
 c - 2 potions of might
 d - a potion of invisibility
 e - 11 potions of curing
 f - 5 potions of berserk rage
 g - 8 potions of haste
 h - 4 potions of magic
 u - a potion of attraction {unknown}
 z - 5 potions of heal wounds
 F - a potion of mutation


   Skills:
 O Level 27 Fighting
 - Level 16.0 Maces & Flails
 O Level 27 Armour
 + Level 15.6 Dodging
 + Level 26.6 Shields
 - Level 18.8 Spellcasting
 - Level 9.7 Evocations


You had 53 spell levels left.
You didn't know any spells.
Your spell library was empty.

Dungeon Overview and Level Annotations

Branches:
Dungeon (1/1)

Altars:
Cheibriados
Dithmenos
Elyvilon
Fedhas
Gozag
Hepliaklqana
Kikubaaqudgha
Makhleb
Nemelex Xobeh
Okawaru
Qazlal
Ru
Sif Muna
Trog
Uskayaw
Vehumet
Wu Jian
Xom
Yredelemnul
Zin
The Shining One
Jiyva
Lugonu

Shops:
D ==?!*?**=[((=[?


Innate Abilities, Weirdness & Mutations

You are immune to sickness and miasma.
Your stone body is resilient. (AC +12)
You are immune to poison.
Your large and strong wings let you fly.
You resist negative energy. (rN+)
You are resistant to electric shocks. (rElec)
You are resistant to unholy torment.
You are immune to petrification.


Message History

Things that are here:
576 gold pieces; a +2 battleaxe of freezing; a scroll labelled HOINKO UVILEKY You rampage towards the vault warden!
The vault warden is distracted by your dazzling golden aura.
You see here 216 gold pieces.
You rampage towards the vault warden!
Found a dagger.
You closely miss the vault warden.
The vault warden is no longer distracted by gold.
The vault warden shouts!
You puncture the vault warden!
The vault warden is lightly wounded.
The vault warden is distracted by your dazzling golden aura.
The frost giant is distracted by your dazzling golden aura.
You closely miss the vault warden.
The vault warden is no longer distracted by gold.
The vault warden shouts!
The vault warden is lightly wounded.
Your extra speed is starting to run out.
The frost giant shouts!
You hit the vault warden but do no damage.
The vault warden is lightly wounded.
The vault warden hits you but does no damage.
You puncture the vault warden!
The vault warden is moderately wounded.
You bludgeon the vault warden!!
The vault warden is severely wounded.
The vault warden hits you with a +2 great mace of holy wrath!
* * * LOW HITPOINT WARNING * * *
You impale the vault warden!!
You kill the vault warden!
You rampage towards the frost giant!
You bludgeon the frost giant!!
The frost giant is no longer distracted by gold.
The frost giant is heavily wounded.
You thump the frost giant!
The frost giant is severely wounded.
The frost giant hits you with a +0 battleaxe of freezing!!
* * * LOW HITPOINT WARNING * * *
The frost giant freezes you.
You die...
Your body crumbles into a pile of gold.

......'........=...........[[[[[[
▓▓▓▓▓▓▓▓▓▓▓▓▓▓▓▓▓▓▓▓▓▓▓▓▓▓▓▓▓▓▓▓▓
...))......................).....
▓▓▓▓▓▓▓▓▓▓▓▓▓▓▓▓▓▓▓▓▓▓▓▓▓▓▓▓▓▓▓▓▓
'....)[[[[[..[[∩∩.∩...∩.))[[[.)..
▓▓▓▓▓▓▓▓▓▓▓▓▓▓▓▓▓▓▓▓▓▓▓▓▓▓▓▓▓▓▓▓▓
.............)...................
▓▓▓▓▓▓▓▓▓▓▓▓▓▓▓▓▓▓▓▓▓▓▓▓▓▓▓▓▓▓▓▓▓
+)....C@.$$$$$$[$$+...))
▓▓▓▓▓▓▓▓▓▓▓▓▓▓▓▓▓▓▓▓▓▓▓▓


You could see a frost giant.

Vanquished Creatures
  Mennas (D)
  Mara (D)
  Boris (D)
  Frederick (D)
  Xtahua (D)
  Jory (D)
  A lich (D)
  A titan (D)
  Frances (D)
  Gastronok (D)
  2 sphinxes (D)
  A tengu reaver (D)
  2 shadow dragons (D)
  5 nagarajas (D)
  2 fire giants (D)
  Louise (D)
  Ilsuiw (D)
  3 vault wardens (D)
  2 frost giants (D)
  4 ghost moths (D)
  An orc warlord (D)
  8 emperor scorpions (D)
  3 ironbound preservers (D)
  3 very ugly things (D)
  4 stone giants (D)
  A vampire knight (D)
  Azrael (D)
  2 eleionomae (D)
  3 spark wasps (D)
  An ettin (D)
  2 merfolk impalers (D)
  3 merfolk javelineers (D)
  2 yaktaur captains (D)
  A deep elf high priest (D)
  An ice dragon (D)
  3 fire dragons (D)
  25 vault guards (D)
  A boulder beetle (D)
  2 great orbs of eyes (D)
  A rakshasa (D)
  3 ironbound frosthearts (D)
  A spriggan air mage (D)
  Harold (D)
  3 catoblepae (D)
  6 hydras (D)
  3 merfolk avatars (D)
  4 naga warriors (D)
  2 centaur warriors (D)
  4 merfolk aquamancers (D)
  4 death yaks (D)
  3 deep troll shamans (D)
  A tengu warrior (D)
  7 orc high priests (D)
  A deep troll earth mage (D)
  Sonja (D)
  A pharaoh ant (D)
  A goliath frog (D)
  8 swamp dragons (D)
  3 orb spiders (D)
  2 spriggan druids (D)
  A wizard (D)
  A lindwurm (D)
  3 orc knights (D)
  A deep elf pyromancer (D)
  2 harpies (D)
  An ironbound convoker (D)
  A mana viper (D)
  4 manticores (D)
  An ugly thing (D)
  A will-o-the-wisp (D)
  A wolf spider (D)
  3 guardian serpents (D)
  A moth of wrath (D)
  3 naga magi (D)
  5 black mambas (D)
  5 vault sentinels (D)
  3 cane toads (D)
  2 rime drakes (D)
  2 komodo dragons (D)
  A demonic crawler (D)
  A polar bear (D)
  A hornet (D)
  2 trolls (D)
  4 slime creatures (D)
  2 wind drakes (D)
  A raiju (shapeshifter) (D)
  A merfolk (D)
  3 tarantellas (D)
  2 blink frogs (D)
  A shadow (D)
  A spriggan (D)
  6 yaks (D)
  2 wraiths (D)
  2 fire elementals (D)
  A basilisk (D)
  A culicivora (D)
  A wyvern (D)
  2 hell hounds (D)
  A swamp drake (D)
  9 orc warriors (D)
  2 wolves (D)
  2 bullfrogs (D)
  A necrophage (D)
  2 hounds (D)
  8 orc priests (D)
  An iguana (D)
  7 orc wizards (D)
  A dart slug (D)
  5 orcs (D)
  2 bats (D)
  A hobgoblin (D)
  A ball python (D)
  A frilled lizard (D)
280 creatures vanquished.

Vanquished Creatures (others)
  A centaur warrior (D)
  A wizard (D)
  A cyclops (D)
  A naga mage (D)
  2 foxfires (D)
6 creatures vanquished.

Grand Total: 286 creatures vanquished

Notes
Turn   | Place    | Note
-------+----------+-------------------------------------------
     0 | D        | wilfster70 the Gargoyle Fighter began the quest for the
                  | Orb.
     0 | D        | Reached XP level 1. HP: 14/14 MP: 1/1
   107 | D        | Noticed a necrophage
   107 | D        | Noticed an iguana
   107 | D        | Noticed a hound
   107 | D        | Noticed a hound
   123 | D        | Killed a hound
   124 | D        | Reached XP level 2. HP: 10/20 MP: 2/2
   124 | D        | Reached XP level 3. HP: 12/24 MP: 3/3
   126 | D        | Reached skill level 5 in Fighting
   126 | D        | Reached skill level 5 in Maces & Flails
   126 | D        | Reached skill level 5 in Armour
   126 | D        | Reached XP level 4. HP: 13/31 MP: 4/4
   136 | D        | Killed a necrophage
   137 | D        | Reached XP level 5. HP: 8/37 MP: 5/5
   491 | D        | Found a snail-covered altar of Cheibriados.
   491 | D        | Found a shadowy altar of Dithmenos.
   491 | D        | Found a white marble altar of Elyvilon.
   491 | D        | Found a blossoming altar of Fedhas.
   491 | D        | Found an opulent altar of Gozag.
   492 | D        | Found a hazy altar of Hepliaklqana.
   493 | D        | Found a viscous altar of Jiyva.
   494 | D        | Found an ancient bone altar of Kikubaaqudgha.
   495 | D        | Found a corrupted altar of Lugonu.
   496 | D        | Found a burning altar of Makhleb.
   497 | D        | Found a sparkling altar of Nemelex Xobeh.
   498 | D        | Found an iron altar of Okawaru.
   499 | D        | Found a stormy altar of Qazlal.
   500 | D        | Found a sacrificial altar of Ru.
   501 | D        | Found a shimmering blue altar of Sif Muna.
   502 | D        | Found a bloodstained altar of Trog.
   503 | D        | Found a hide-covered altar of Uskayaw.
   504 | D        | Found a radiant altar of Vehumet.
   511 | D        | Became a worshipper of Gozag Ym Sagoz the Greedy
   518 | D        | Found an ornate altar of the Wu Jian Council.
   519 | D        | Found a shimmering altar of Xom.
   520 | D        | Found a basalt altar of Yredelemnul.
   521 | D        | Found a glowing silver altar of Zin.
   522 | D        | Found a glowing golden altar of the Shining One.
   563 | D        | Noticed a shadow
   563 | D        | Noticed a yak
   563 | D        | Noticed a troll
   563 | D        | Noticed a yak
   563 | D        | Noticed a yak
   563 | D        | Noticed a wraith
   574 | D        | Killed a wraith
   575 | D        | Reached XP level 6. HP: 44/44 MP: 6/6
   578 | D        | Killed a yak
   579 | D        | Reached skill level 10 in Maces & Flails
   579 | D        | Reached XP level 7. HP: 50/50 MP: 7/7
   584 | D        | Killed a yak
   588 | D        | Killed a troll
   595 | D        | Killed a yak
   596 | D        | Reached skill level 10 in Fighting
   596 | D        | Reached skill level 10 in Armour
   596 | D        | Reached XP level 8. HP: 42/57 MP: 8/8
   599 | D        | Killed a shadow
   681 | D        | Noticed a slime creature
   681 | D        | Noticed a deep elf pyromancer
   681 | D        | Noticed a centaur warrior
   681 | D        | Noticed a wraith
   681 | D        | Noticed a troll
   697 | D        | Killed a deep elf pyromancer
   701 | D        | Killed a troll
   702 | D        | Reached XP level 9. HP: 22/64 MP: 9/9
   723 | D        | Killed a centaur warrior
  1136 | D        | Noticed a cane toad
  1136 | D        | Noticed a cane toad
  1146 | D        | Noticed a catoblepas
  1147 | D        | Killed a cane toad
  1149 | D        | Killed a cane toad
  1150 | D        | Reached XP level 10. HP: 64/75 MP: 10/10
  1167 | D        | Killed a catoblepas
  1173 | D        | Reached skill level 15 in Maces & Flails
  1196 | D        | Bought the ring "Iggutusie" {rElec rF+ Will+ Str+6} for 820
                  | gold pieces
  1459 | D        | Noticed a black mamba
  1464 | D        | Reached skill level 15 in Fighting
  1464 | D        | Reached skill level 15 in Armour
  1472 | D        | Killed a black mamba
  1473 | D        | Noticed a cane toad
  1498 | D        | Killed a cane toad
  1499 | D        | Reached XP level 11. HP: 83/83 MP: 11/11
  1518 | D        | Noticed a death yak
  1518 | D        | Noticed a catoblepas
  1518 | D        | Noticed a death yak
  1518 | D        | Noticed a death yak
  1521 | D        | Noticed a catoblepas
  1523 | D        | Killed a death yak
  1528 | D        | Noticed a death yak
  1530 | D        | Killed a death yak
  1538 | D        | Killed a catoblepas
  1545 | D        | Killed a death yak
  1552 | D        | Killed a catoblepas
  1559 | D        | Killed a death yak
  1722 | D        | Noticed Gastronok
  1736 | D        | Killed Gastronok
  1979 | D        | Bought a glowing plate armour for 598 gold pieces
  2088 | D        | Noticed an orc knight
  2097 | D        | Killed an orc knight
  2149 | D        | Noticed an orc knight
  2152 | D        | Reached XP level 12. HP: 86/95 MP: 12/12
  2235 | D        | Found Pomireuz's Magic Scroll Boutique.
  2235 | D        | Noticed an orc high priest
  2235 | D        | Noticed an orc high priest
  2235 | D        | Noticed an orc high priest
  2301 | D        | Killed an orc high priest
  2379 | D        | Killed an orc high priest
  2530 | D        | Noticed a sun demon
  2532 | D        | Killed an orc high priest
  2533 | D        | Noticed an orc high priest
  2549 | D        | Killed an orc high priest
  2573 | D        | Noticed an orc high priest
  2583 | D        | Killed an orc high priest
  2613 | D        | Noticed an orc high priest
  2620 | D        | Killed an orc high priest
  2778 | D        | Found Nuj Yts's Magic Scroll Shop.
  2782 | D        | Found Siunel's Jewellery Boutique.
  2786 | D        | Found Rommulox's Jewellery Shop.
  2789 | D        | Noticed an orc high priest
  2795 | D        | Noticed a soul eater
  2799 | D        | Killed an orc high priest
  2829 | D        | Bought the ring of Xom's Whimsicality {rElec rF+ Int+3
                  | Dex-4} for 442 gold pieces
  2834 | D        | Bought an amulet of guardian spirit for 390 gold pieces
  3008 | D        | Noticed Harold
  3018 | D        | Killed Harold
  3086 | D        | Got the +8 gold dragon scales "Gij Tuf" {rPois rF+ rC+
                  | Will+ Regen+ MP-9 Slay+3}
  3134 | D        | Noticed a centaur warrior
  3134 | D        | Noticed a boulder beetle
  3138 | D        | Noticed a centaur warrior
  3156 | D        | Noticed a deep troll shaman
  3160 | D        | Killed a boulder beetle
  3162 | D        | Killed a centaur warrior
  3168 | D        | Killed a centaur warrior
  3181 | D        | Killed a deep troll shaman
  3182 | D        | Noticed a frost giant
  3196 | D        | Noticed a stone giant
  3199 | D        | Noticed a fire dragon
  3201 | D        | Noticed a sphinx
  3206 | D        | Killed a frost giant
  3212 | D        | Noticed a brown very ugly thing
  3216 | D        | Killed a stone giant
  3217 | D        | Reached XP level 13. HP: 38/106 MP: 1/13
  3228 | D        | Killed a fire dragon
  3233 | D        | Killed a sphinx
  3238 | D        | Killed a brown very ugly thing
  3471 | D        | Noticed an eleionoma
  3471 | D        | Noticed an eleionoma
  3485 | D        | Killed an eleionoma
  3486 | D        | Reached skill level 1 in Evocations
  3499 | D        | Killed an eleionoma
  3550 | D        | Reached skill level 5 in Evocations
  3590 | D        | Noticed an emperor scorpion
  3606 | D        | Killed an emperor scorpion
  3757 | D        | Noticed an emperor scorpion
  3791 | D        | Killed an emperor scorpion
  3794 | D        | Gained mutation: Your large and strong wings let you fly.
                  | [Gargoyle growth]
  3794 | D        | Reached XP level 14. HP: 86/116 MP: 3/14
  3826 | D        | Bought a steaming helmet for 285 gold pieces
  3826 | D        | Identified the +1 helmet of Parlour Games {Rampage rElec
                  | Str-2 Dex+3} (You bought it in a shop in the Dungeon)
  3934 | D        | Noticed Frances
  3952 | D        | Killed Frances
  3961 | D        | Noticed Sonja
  3970 | D        | Killed Sonja
  4072 | D        | Noticed a fire giant
  4072 | D        | Noticed a vampire knight
  4072 | D        | Noticed a brown very ugly thing
  4075 | D        | Killed a brown very ugly thing
  4085 | D        | Killed a vampire knight
  4093 | D        | Noticed a stone giant
  4102 | D        | Killed a fire giant
  4105 | D        | Reached skill level 5 in Spellcasting
  4113 | D        | Noticed a fire giant
  4120 | D        | Noticed a stone giant
  4136 | D        | Noticed a purple very ugly thing
  4137 | D        | Killed a stone giant
  4154 | D        | Killed a fire giant
  4161 | D        | Killed a stone giant
  4177 | D        | Killed a purple very ugly thing
  4317 | D        | Noticed an orc warlord
  4317 | D        | Noticed a vault warden
  4327 | D        | Noticed an ironbound preserver
  4333 | D        | Noticed an ironbound preserver
  4336 | D        | Killed a vault warden
  4468 | D        | Killed an orc warlord
  4549 | D        | Reached skill level 27 in Fighting
  4604 | D        | Killed an ironbound preserver
  4605 | D        | Reached skill level 27 in Armour
  4605 | D        | Reached skill level 10 in Spellcasting
  4681 | D        | Reached skill level 5 in Shields
  4716 | D        | Killed an ironbound preserver
  4717 | D        | Reached XP level 15. HP: 123/127 MP: 18/29
  4853 | D        | Bought a scroll of enchant weapon for 195 gold pieces
  4853 | D        | Bought a pair of embroidered gloves for 195 gold pieces
  4908 | D        | Noticed Frederick
  4920 | D        | Killed Frederick
  4921 | D        | Reached skill level 10 in Shields
  4971 | D        | Noticed Jory
  4984 | D        | Killed Jory
  4991 | D        | Killed a ghost moth
  5157 | D        | Found the +11 plutonium sword {Contam Stlth-}
  5268 | D        | Noticed Louise
  5269 | D        | Noticed Mennas
  5289 | D        | Killed Louise
  5324 | D        | Killed Mennas
  5420 | D        | Noticed Azrael
  5435 | D        | Killed Azrael
  5516 | D        | Reached skill level 15 in Spellcasting
  5541 | D        | Reached skill level 15 in Shields
  5588 | D        | Got a decaying rune of Zot
  5595 | D        | Noticed an emperor scorpion
  5595 | D        | Noticed an emperor scorpion
  5595 | D        | Noticed an emperor scorpion
  5604 | D        | Killed an emperor scorpion
  5610 | D        | Killed an emperor scorpion
  5616 | D        | Noticed an emperor scorpion
  5618 | D        | Killed an emperor scorpion
  5621 | D        | Noticed an emperor scorpion
  5628 | D        | Noticed an emperor scorpion
  5633 | D        | Killed a ghost moth
  5640 | D        | Killed a ghost moth
  5654 | D        | Killed a ghost moth
  5662 | D        | Killed an emperor scorpion
  5670 | D        | Killed an emperor scorpion
  5680 | D        | Killed an emperor scorpion
  5681 | D        | Reached XP level 16. HP: 103/133 MP: 3/37
  5686 | D        | Got a gossamer rune of Zot
  5812 | D        | Noticed a nagaraja
  5812 | D        | Noticed a nagaraja
  5813 | D        | Noticed a nagaraja
  5820 | D        | Killed a nagaraja
  5820 | D        | Noticed a nagaraja
  5824 | D        | Noticed a nagaraja
  5829 | D        | Killed a nagaraja
  5837 | D        | Killed a nagaraja
  5854 | D        | Killed a nagaraja
  5862 | D        | Killed a nagaraja
  5942 | D        | Got a serpentine rune of Zot
  6052 | D        | Noticed Ilsuiw
  6057 | D        | Reached skill level 1 in Dodging
  6102 | D        | Reached skill level 5 in Dodging
  6149 | D        | Killed Ilsuiw
  6168 | D        | Got a barnacled rune of Zot
  6306 | D        | Bought a potion of might for 72 gold pieces
  6306 | D        | Bought a potion of might for 72 gold pieces
  6306 | D        | Bought a potion of berserk rage for 90 gold pieces
  6306 | D        | Bought a potion of berserk rage for 90 gold pieces
  6306 | D        | Bought a potion of berserk rage for 90 gold pieces
  6306 | D        | Bought a potion of curing for 54 gold pieces
  6310 | D        | Bought 2 potions of curing for 102 gold pieces
  6310 | D        | Bought a +2 pair of boots of rampaging for 365 gold pieces
  6318 | D        | Bought a lumpy purple potion for 31 gold pieces
  6318 | D        | Bought a scroll labelled TIVUQ HIXIDD for 35 gold pieces
  6358 | D        | Noticed Mara
  6361 | D        | Noticed wilfster70's illusion
  6392 | D        | Noticed wilfster70's illusion
  6413 | D        | Killed Mara
  6460 | D        | Noticed Xtahua
  6462 | D        | Noticed Boris
  6470 | D        | Killed Xtahua
  6486 | D        | Killed Boris
  6540 | D        | Reached skill level 10 in Dodging
  6704 | D        | Bought a scroll of poison for 48 gold pieces
  6704 | D        | Bought a scroll of poison for 48 gold pieces
  6704 | D        | Bought a scroll of poison for 48 gold pieces
  6704 | D        | Bought a scroll of silence for 114 gold pieces
  6751 | D        | Reached XP level 17. HP: 139/139 MP: 30/39
  6760 | D        | Noticed a titan
  6761 | D        | Noticed a lich
  6780 | D        | Noticed a sphinx
  6793 | D        | Killed a titan
  6796 | D        | Killed a lich
  6807 | D        | Killed a sphinx
  6828 | D        | Reached skill level 15 in Dodging
  6858 | D        | HP: 1/139 [frost giant/+0 battleaxe of freezing (22)]
  6858 | D        | Slain by a frost giant

Illustrated notes

Levels and vault maps discovered:
D:        linesprint [early_d, line_temple, items_1, d_10, items_2, lair_1,
          lair_end, items_3, orc_1, orc_end, items_4, d_15, swamp_1, shoals_1,
          snake_1, spider_1, d_20, vaults_1, items_5, swamp_end, shoals_end,
          snake_end, spider_end, vaults_end, d_27, items_6, zot_1, zot_end,
          crypt_end, forest_end, elf_end, slime_end, tomb_end, abyss_end,
          pan_hell_end]

Skill      XL: |  1  2  3  4  5  6  7  8  9 10 11 12 13 14 15 16 17 |
---------------+----------------------------------------------------+-----
Fighting       | 4 5 6 7 8 10 11 14 16 19 22 24 27 | 27.0
Maces & Flails | 4 5 7 9 10 12 13 14 16 | 16.0
Armour         | 4 5 6 7 8 10 11 14 16 19 22 24 27 | 27.0
Shields        | 4 6 17 24 26 | 26.6
Evocations     | 8 9 |  9.7
Spellcasting   | 10 17 18 | 18.8
Dodging        | 13 15 | 15.6

Action                   |  1- 3 |  4- 6 |  7- 9 | 10-12 | 13-15 | 16-18 || total
-------------------------+-------+-------+-------+-------+-------+-------++-------
Melee: Flail             |    38 |     9 |       |       |       |       ||    47
       Morningstar       |       |    15 |    76 |   308 |   715 |   507 ||  1621
Invok: Call Merchant     |       |       |       |     2 |     4 |     5 ||    11
       Potion Petition   |       |       |       |     1 |       |     1 ||     2
Evoke: Wand              |       |       |       |       |     2 |       ||     2
  Use: Potion            |     3 |       |     2 |     1 |     2 |     1 ||     9
       Scroll            |       |       |     4 |     2 |     6 |     2 ||    14
 Stab: Distracted        |       |       |       |     4 |     5 |     3 ||    12
       Petrified         |       |       |       |     1 |       |       ||     1
       Invisible         |       |       |       |     3 |       |       ||     3
Armor: Scale mail        |    23 |     9 |    45 |    46 |       |       ||   123
       Plate armour      |       |       |       |    39 |       |       ||    39
       Gold dragon scale |       |       |       |    49 |   553 |   211 ||   813
Dodge: Dodged            |    25 |     7 |    29 |    68 |   139 |    55 ||   323
Block: Buckler           |    12 |     3 |    17 |    28 |    34 |       ||    94
       Kite shield       |       |       |       |       |   131 |   186 ||   317

Table legend: (Time is in decaauts)
 A = Elapsed time spent in this place.
 B = Non-inter-level travel time spent in this place.
 C = Inter-level travel time spent in this place.
 D = Time resting spent in this place.
 E = Time spent auto-exploring this place.
 F = Levels seen in this place.
 G = Mean time per level.
                   A        B        C        D        E       F      G
               +--------+--------+--------+--------+--------+-----+--------+
         Total |   6480 |   6480 |      0 |   2667 |    563 |   1 | 6480.0 |
       Dungeon |   6480 |   6480 |      0 |   2667 |    563 |   1 | 6480.0 |
               +--------+--------+--------+--------+--------+-----+--------+

Top non-repeatable levels by time:
       D: 6480 daAuts
